 Dungeon Crawl Stone Soup version 0.23-a0-398-g8eab93f (webtiles) character file.

267 Cryolive the Digger (level 6, -1/34 HPs)
             Began as a Gargoyle Earth Elementalist on Nov 2, 2018.
             Slain by a gnoll
             ... wielding a +0 halberd
              (9 damage)
             ... on level 4 of the Dungeon.
             The game lasted 00:06:14 (3616 turns).

Cryolive the Digger (Gargoyle Earth Elementalist)   Turns: 3616, Time: 00:06:15

Health: -1/34      AC:  7    Str: 11    XL:     6   Next: 21%
Magic:  2/11       EV: 12    Int: 18    God:
Gold:   207        SH:  0    Dex: 10    Spells: 3/12 levels left

rFire    . . .     SeeInvis .   u - +2 dagger (venom)
rCold    . . .     Gourm    +   (no shield)
rNeg     + . .     Faith    .   c - +0 robe
rPois    ∞         Spirit   .   g - +0 helmet
rElec    +         Reflect  .   (no cloak)
rCorr    .         Harm     .   (no gloves)
MR       .....                  (no boots)
Stlth    ++........             j - amulet of the gourmand
HPRegen  0.11/turn              (no ring)
MPRegen  0.12/turn              (no ring)

@: no status effects
A: negative energy resistance 1, electricity resistance, unbreathing,
petrification resistance, rot immunity, AC +4
a: no special abilities


You were on level 4 of the Dungeon.
You were not hungry.

You visited 1 branch of the dungeon, and saw 4 of its levels.

You collected 207 gold pieces.

Inventory:

Hand Weapons
 u - a +2 dagger of venom (weapon)
Missiles
 b - 156 stones (quivered)
Armour
 c - a +0 robe (worn)
 g - a +0 helmet (worn)
 i - a cursed +0 buckler
Jewellery
 j - an amulet of the gourmand (around neck)
 l - a +1 ring of evasion {unknown}
 s - an uncursed amulet of rage {unknown}
Scrolls
 f - a scroll of identify {unknown}
 k - 2 scrolls of fog {unknown}
 n - a scroll of amnesia {unknown}
 o - a scroll of remove curse {unknown}
 q - a scroll of noise {unknown}
 r - a scroll of blinking {unknown}
Potions
 a - a potion of curing {unknown}
 e - 2 potions of flight {unknown}
 h - 4 potions of heal wounds {unknown}
 m - a potion of brilliance {unknown}
 p - 2 potions of degeneration {unknown}
Comestibles
 d - 7 rations


   Skills:
 + Level 1.1 Fighting
 + Level 1.2 Armour
 + Level 1.9 Dodging
 - Level 2.1 Stealth
 + Level 1.2 Shields
 + Level 3.5 Spellcasting
 + Level 2.4 Conjurations
   Level 0.7 Transmutations
 + Level 5.3 Earth Magic


You had 3 spell levels left.
You knew the following spells:

 Your Spells              Type           Power        Failure   Level  Hunger
a - Sandblast             Erth           ###...       1%          1    None
b - Stone Arrow           Conj/Erth      ###...       10%         3    ###....
c - Lee's Rapid Deconstr  Erth           ###.......   43%         5    ######.

Your spell library contained the following spells:

 Spells                   Type           Power        Failure   Level  Hunger
 Passwall                 Tmut/Erth      ##......     7%          2    ##.....
 Petrify                  Tmut/Erth      ##......     41%         4    ####...


Dungeon Overview and Level Annotations

Branches:
Dungeon (4/15)
 Temple: D:4-7

Altars:


Innate Abilities, Weirdness & Mutations

You are resistant to torment.
Your stone body is resilient. (AC +4)
You are immune to poison.
You resist negative energy. (rN+)
You are resistant to electric shocks. (rElec)
You can survive without breathing.
You are immune to petrification.
You are immune to rotting.


Message History

The hound closely misses you. The hound bites you but does no damage.
The gnoll hits you from afar with a +0 halberd.
* * * LOW HITPOINT WARNING * * *
The hound bites you.
* * * LOW HITPOINT WARNING * * *
The hound bites you but does no damage. The hound bites you but does no damage.
Casting: Sandblast (safe; 1% risk of failure)
Confirm with . or Enter, or press ? or * to list all spells.
Aiming: Sandblast (safe; 1% risk of failure)
Press: ? - help, Shift-Dir - straight line, f/p - gnoll
Aim: a gnoll, wielding a +0 halberd (severely wounded)
The blast of sand hits the hound.
You kill the hound!
b - 156 stones The gnoll barely misses you.
The gnoll barely misses you.
The gnoll hits you from afar with a +0 halberd!
You die...

..#......#.....................#
. #......#######################
###......# P........# .........#
.........# .........#########
..#..............#
..#.............@#
..#..............#
..#...........g..#
..####...........# ..#
#...........# ..# #############
..# ..# ..#


You could see a gnoll.

Vanquished Creatures
  A howler monkey (D:4)
  2 hounds (D:4)
  An iguana (D:4)
  2 worker ants (D:4)
  3 adders (D:2)
  An ooze (D:1)
  2 dart slugs
  4 leopard geckos
  2 orcs
  A ball python (D:3)
  4 bats
  2 giant cockroaches (D:3)
  7 goblins
  5 hobgoblins
  3 jackals (D:2)
  7 kobolds
  2 quokkas
  4 frilled lizards
  8 rats
61 creatures vanquished.

Notes
Turn   | Place    | Note
-------+----------+-------------------------------------------
     0 | D:1      | Cryolive the Gargoyle Earth Elementalist began the quest
                  | for the Orb.
     0 | D:1      | Reached XP level 1. HP: 10/10 MP: 3/3
   432 | D:1      | Reached XP level 2. HP: 10/15 MP: 5/5
   479 | D:1      | Reached skill level 4 in Earth Magic
   936 | D:1      | Reached XP level 3. HP: 13/19 MP: 6/6
   949 | D:1      | Learned a level 3 spell: Stone Arrow
  1440 | D:2      | Reached skill level 1 in Conjurations
  1463 | D:2      | Reached XP level 4. HP: 24/24 MP: 8/8
  2921 | D:4      | Reached skill level 5 in Earth Magic
  2921 | D:4      | Reached XP level 5. HP: 3/28 MP: 5/9
  3205 | D:4      | Learned a level 5 spell: Lee's Rapid Deconstruction
  3591 | D:4      | Reached skill level 1 in Fighting
  3591 | D:4      | Reached skill level 1 in Armour
  3591 | D:4      | Reached skill level 1 in Shields
  3591 | D:4      | Reached XP level 6. HP: 23/34 MP: 4/11
  3616 | D:4      | Slain by a gnoll

Vault maps used:
D:1:      nicolae_arrival_memento_mori, minmay_tetromino_i2
D:2:      nicolae_overflow_hidden_temple
D:4:      first_ration, serial_bayou_pond_a, cheibrodos_gnoll_hut, uniq_natasha

Skill      XL: |  1  2  3  4  5 |
---------------+----------------+-----
Earth Magic    | 4 5 |  5.3
Conjurations   | 1 2 |  2.4
Spellcasting   | 3 |  3.5
Fighting       | 1 |  1.1
Armour         | 1 |  1.2
Shields        | 1 |  1.2
Dodging        | |  1.9
Stealth        | |  2.1
Transmutations | |  0.7

Action                   |  1- 3 |  4- 6 || total
-------------------------+-------+-------++-------
Melee: Dagger            |   140 |   147 ||   287
       Unarmed           |    19 |       ||    19
 Cast: Sandblast         |     4 |    11 ||    15
       Stone Arrow       |       |     5 ||     5
 Stab: Sleeping          |     2 |     4 ||     6
  Eat: Chunk             |     3 |    11 ||    14
Armor: Robe              |    58 |    56 ||   114
Dodge: Dodged            |    79 |   101 ||   180

Table legend:
 A = Non-vault XP
 B = Vault XP
 C = Vault XP percentage of total XP
 D = Non-vault monster count
 E = Vault monster count
 F = Vault count percentage of total count
                 A         B        C        D         E       F
            +---------+---------+-------+---------+---------+-------
      Total |     293 |      89 |  23.3 |      57 |       4 |   6.6
            +---------+---------+-------+---------+---------+-------
        D:1 |      32 |       4 |  11.1 |      13 |       2 |  13.3
        D:2 |      76 |       0 |   0.0 |      26 |       0 |   0.0
        D:3 |      19 |       0 |   0.0 |      10 |       0 |   0.0
        D:4 |     166 |      85 |  33.9 |       8 |       2 |  20.0
            +---------+---------+-------+---------+---------+-------
